Workbook

Sheet RESUMO
A2: SECRETARIA MUNICIPAL DE EDUCAÇÃO - SEMED
A4: OBRA: CONSTRUÇÃO DE PRÉDIO COM 4 SALAS DE AULA PARA A AMPLIAÇÃO DA ESCOLA LAWTON
A5: LOCAL: RIO JABURU – ZONA RURAL- MUNICIPIO DE BREVES/PA
A6: REF. DE PREÇOS:SINAP E SEOP - Março de 2026 - SEM DESONERAÇÃO
A8: ORÇAMENTO RESUMIDO
A9: ITEM | B9: DESCRIÇÃO | C9: TOTAL | D9: PESO (%)
B10: AMPLIAÇÃO DA ESCOLA
A11: 1 | B11: =PLAN!C11 -> SERVIÇOS PRELIMINARES | C11: =PLAN!H11 -> 13022.39 | D11: =C11/$C$25 -> 0.021883715
A12: 2 | B12: MOVIMENTO DE TERRAS | C12: =PLAN!H15 -> 11370.48 | D12: =C12/$C$25 -> 0.019107732
A13: =A12+1 -> 3 | B13: INFRA-ESTRUTURA: FUNDAÇÕES | C13: =PLAN!H18 -> 109306.79 | D13: =C13/$C$25 -> 0.1836866
A14: 4 | B14: SUPERESTRUTURA | C14: =PLAN!H23 -> 48796.53 | D14: =C14/$C$25 -> 0.082001026
A15: 5 | B15: PAREDES E PAÍNES | C15: =PLAN!H26 -> 49495.64 | D15: =C15/$C$25 -> 0.083175858
A16: 6 | B16: ESQUADRIAS | C16: =PLAN!H29 -> 47090.39 | D16: =C16/$C$25 -> 0.079133911
A17: 7 | B17: COBERTURA | C17: =PLAN!H34 -> 89263.4 | D17: =C17/$C$25 -> 0.15000432
A18: 8 | B18: FORRO | C18: =PLAN!H38 -> 39722.82 | D18: =C18/$C$25 -> 0.066752943
A19: 9 | B19: REVESTIMENTO | C19: =PLAN!H41 -> 59164.52 | D19: =C19/$C$25 -> 0.099424105
A20: 10 | B20: PAVIMENTAÇÃO | C20: =PLAN!H46 -> 76273.87 | D20: =C20/$C$25 -> 0.12817583
A21: 11 | B21: SOLEIRAS E RODAPÉS | C21: =PLAN!H51 -> 4603.02 | D21: =C21/$C$25 -> 0.0077352296
A22: 12 | B22: PINTURAS | C22: =PLAN!H54 -> 28489.28 | D22: =C22/$C$25 -> 0.047875334
A23: 13 | B23: ELÉTRICA | C23: =PLAN!H58 -> 14694.85 | D23: =C23/$C$25 -> 0.024694231
A24: 14 | B24: LIMPEZA E ENTREGA DA OBRA | C24: =PLAN!H87 -> 3778.21 | D24: =C24/$C$25 -> 0.0063491624
A25: TOTAL: | C25: =SUM(C11:C24) -> 595072.19 | D25: =SUM(D11:D24) -> 1

Sheet Itens Maior Relevância
A5: PREFEITURA MUNICIPAL DE BREVES
A7: SECRETARIA MUNICIPAL DE EDUCAÇÃO - SEMED
A9: OBRA: CONSTRUÇÃO DE PRÉDIO COM 4 SALAS DE AULA PARA A AMPLIAÇÃO DA ESCOLA LAWTON
A10: LOCAL: RIO JABURU - ZONA RURAL - MUNICIPIO DE BREVES=PA
A11: REF. DE PREÇOS: SINAP E SEOP - Março de 2026 - SEM DESONERAÇÃO
A13: ITENS DE MAIOR RELEVÂNCIA | G13: QUALIFICAÇÃO PROFISSIONAL
A14: ITEM | B14: DESCRIÇÃO | C14: UNID | D14: QTD TOTAL | E14: PESO FINANCEIRO % | F14: QTD MÍN. EXIGIDA (25%) | G14: CAPACIDADE TÉCNICA OPERACIONAL | H14: CAPACIDADE TÉCNICA PROFISSIONAL
A15: 7.2 | B15: Estrutura em mad. lei p/ telha de barro - pç. serrada | C15: m² | D15: 333.41 | E15: =PLAN!I36 -> 0.091528156 | F15: =D15*25% -> 83.3525 | G15: EMPRESA | H15: ENGENHEIRO(A) CIVIL OU ARQUITETO(A)
A16: 3.3 | B16: Concreto armado FCK=25MPA com forma aparente - 1 reaproveitamento | C16: m³ | D16: 11.82 | E16: =PLAN!I21 -> 0.083001291 | F16: =D16*25% -> 2.955 | G16: EMPRESA | H16: ENGENHEIRO(A) CIVIL OU ARQUITETO(A)
A17: 5.1 | B17: Alvenaria tijolo de barro a cutelo | C17: m² | D17: 271.27 | E17: =PLAN!I27 -> 0.076101372 | F17: =D17*25% -> 67.8175 | G17: EMPRESA | H17: ENGENHEIRO(A) CIVIL OU ARQUITETO(A)
A18: OBS: Para fins de atendimento aos quantitativos mínimos exigidos dos itens de maior relevância, não será admitida a soma de quantitativos referentes à capacidade técnico-operacional com aqueles relativos à capacidade técnico-profissional, devendo cada requisito ser comprovado de forma independente, conforme estabelecido neste Edital.

Sheet PLAN
A2: PREFEITURA MUNICIPAL DE BREVES
A3: SECRETARIA MUNICIPAL DE EDUCAÇÃO - SEMED
A4: OBJETO: CONSTRUÇÃO DE PRÉDIO COM 4 SALAS DE AULA PARA A AMPLIAÇÃO DA ESCOLA LAWTON | B4: AMPLIAÇÃO DA ESCOLA LAWTON | I4: ABRIL/2026
A5: LOCAL: RIO TAUAU- ZONA RURAL - BREVES-PA | B5: RIO JABURU- ZONA RURAL-MUNICIPIO DE BREVES=PA | H5: BDI= | I5: 0.2247
A6: REF. DE PREÇOS:SINAP E SEOP - Março de 2026 - SEM DESONERAÇÃO | H6: TOTAL = | I6: =H89 -> 595072.19
A7: PLANILHA ORÇAMENTÁRIA
A8: ITEM | B8: CÓDIGO | C8: DISCRIMINAÇÃO | D8: UN | E8: QUANT. | F8: CUSTO UNI. | G8: CUSTO UNI. C/ BDI | H8: P. TOTAL R$ | I8: PESO (%)
C10: AMPLIAÇÃO DA ESCOLA
A11: 1 | C11: SERVIÇOS PRELIMINARES | H11: =SUM(H12:H14) -> 13022.39 | I11: =SUM(I12:I14) -> 0.021883715
A12: 1.1 | B12: 11340 | C12: Placa de obra em lona com plotagem de gráfica | D12: m² | E12: 6 | F12: 207.93 | G12: =ROUND((1+$I$5)*F12,2) -> 254.65 | H12: =ROUND(E12*G12,2) -> 1527.9 | I12: =H12/$H$89 -> 0.0025675876
A13: 1.2 | B13: 10005 | C13: Barracão de madeira/Almoxarifado | D13: m² | E13: 12 | F13: 600.98 | G13: =ROUND((1+$I$5)*F13,2) -> 736.02 | H13: =ROUND(E13*G13,2) -> 8832.24 | I13: =H13/$H$89 -> 0.0148423
A14: 1.3 | B14: 010009 | C14: Locação da obra a trena | D14: m² | E14: 286.88 | F14: 7.58 | G14: =ROUND((1+$I$5)*F14,2) -> 9.28 | H14: =ROUND(E14*G14,2) -> 2662.25 | I14: =H14/$H$89 -> 0.0044738269
A15: 2 | C15: MOVIMENTO DE TERRAS | E15: 1 | H15: =SUM(H16:H17) -> 11370.48 | I15: =SUM(I16:I17) -> 0.019107732
A16: 2.1 | B16: 30010 | C16: Escavação manual de ate 1.50m de profundidade | D16: m³ | E16: 74.64 | F16: 107.52 | G16: =ROUND((1+$I$5)*F16,2) -> 131.68 | H16: =ROUND(E16*G16,2) -> 9828.6 | I16: =H16/$H$89 -> 0.016516652
A17: 2.2 | B17: 30254 | C17: Reaterro compactado | D17: m³ | E17: 57.77 | F17: 21.79 | G17: =ROUND((1+$I$5)*F17,2) -> 26.69 | H17: =ROUND(E17*G17,2) -> 1541.88 | I17: =H17/$H$89 -> 0.0025910806
A18: 3 | C18: INFRA-ESTRUTURA: FUNDAÇÕES | E18: 1 | H18: =SUM(H19:H22) -> 109306.79 | I18: =SUM(I19:I22) -> 0.1836866
A19: 3.1 | B19: 40257 | C19: Lastro de concreto magro c/ seixo | D19: m³ | E19: 1.4 | F19: 975.51 | G19: =ROUND((1+$I$5)*F19,2) -> 1194.71 | H19: =ROUND(E19*G19,2) -> 1672.59 | I19: =H19/$H$89 -> 0.0028107346
A20: 3.2 | B20: 050766 | C20: Concreto armado fck=25MPA c/ forma mad. branca (incl. lançamento eadensamento) | D20: m³ | E20: 8.52 | F20: 3834.81 | G20: =ROUND((1+$I$5)*F20,2) -> 4696.49 | H20: =ROUND(E20*G20,2) -> 40014.09 | I20: =H20/$H$89 -> 0.067242413
A21: 3.3 | B21: 051172 | C21: Concreto armado FCK=25MPA com forma aparente - 1 reaproveitamento | D21: m³ | E21: 11.82 | F21: 3411.99 | G21: =ROUND((1+$I$5)*F21,2) -> 4178.66 | H21: =ROUND(E21*G21,2) -> 49391.76 | I21: =H21/$H$89 -> 0.083001291
A22: 3.4 | B22: 080293 | C22: Impermeabilização para baldrame com manta de 3mm | D22: m² | E22: 87.59 | F22: 169.93 | G22: =ROUND((1+$I$5)*F22,2) -> 208.11 | H22: =ROUND(E22*G22,2) -> 18228.35 | I22: =H22/$H$89 -> 0.030632166
A23: 4 | C23: SUPERESTRUTURA | E23: 1 | H23: =SUM(H24:H25) -> 48796.53 | I23: =SUM(I24:I25) -> 0.082001026
A24: 4.1 | B24: 050766 | C24: Concreto armado fck=25MPA c/ forma mad. branca (incl. lançamento eadensamento) | D24: m³ | E24: 5.45 | F24: 3834.81 | G24: =ROUND((1+$I$5)*F24,2) -> 4696.49 | H24: =ROUND(E24*G24,2) -> 25595.87 | I24: =H24/$H$89 -> 0.04301305
A25: 4.2 | B25: 050766 | C25: Concreto armado fck=25MPA c/ forma mad. branca (incl. lançamento eadensamento) | D25: m³ | E25: 4.94 | F25: 3834.81 | G25: =ROUND((1+$I$5)*F25,2) -> 4696.49 | H25: =ROUND(E25*G25,2) -> 23200.66 | I25: =H25/$H$89 -> 0.038987976
A26: 5 | C26: PAREDES E PAÍNES | E26: 1 | H26: =SUM(H27:H28) -> 49495.64 | I26: =SUM(I27:I28) -> 0.083175858
A27: 5.1 | B27: 060046 | C27: Alvenaria tijolo de barro a cutelo | D27: m² | E27: 271.27 | F27: 136.31 | G27: =ROUND((1+$I$5)*F27,2) -> 166.94 | H27: =ROUND(E27*G27,2) -> 45285.81 | I27: =H27/$H$89 -> 0.076101372
A28: 5.2 | B28: 050681 | C28: Concreto armado Fck=15 MPA c/forma mad. branca (incl. lançamento eadensamento) | D28: m³ | E28: 0.91 | F28: 3777.41 | G28: =ROUND((1+$I$5)*F28,2) -> 4626.19 | H28: =ROUND(E28*G28,2) -> 4209.83 | I28: =H28/$H$89 -> 0.0070744862
A29: 6 | C29: ESQUADRIAS | E29: 1 | H29: =SUM(H30:H33) -> 47090.39 | I29: =SUM(I30:I33) -> 0.079133911
A30: 6.1 | B30: 090641 | C30: Porta em madeira lambrizada | D30: m² | E30: 6.72 | F30: 527.02 | G30: =ROUND((1+$I$5)*F30,2) -> 645.44 | H30: =ROUND(E30*G30,2) -> 4337.36 | I30: =H30/$H$89 -> 0.0072887963
A31: 6.2 | B31: 091512 | C31: Esquadria de correr em vidro temperado de 8mm | E31: 35.61 | F31: 809.06 | G31: =ROUND((1+$I$5)*F31,2) -> 990.86 | H31: =ROUND(E31*G31,2) -> 35284.52 | I31: =H31/$H$89 -> 0.05929452
A32: 6.3 | B32: 1002260 | C32: Ferragens p/ porta externa 1 fl. | D32: cj | E32: 4 | F32: 334.2 | G32: =ROUND((1+$I$5)*F32,2) -> 409.29 | H32: =ROUND(E32*G32,2) -> 1637.16 | I32: =H32/$H$89 -> 0.0027511956
A33: 6.4 | B33: 120733 | C33: Soleira e Peitoril em granito (preto) c/ rebaixo e=3cm | D33: m² | E33: 5.06 | F33: 941 | G33: =ROUND((1+$I$5)*F33,2) -> 1152.44 | H33: =ROUND(E33*G33,2) -> 5831.35 | I33: =H33/$H$89 -> 0.0097993993
A34: 7 | C34: COBERTURA | E34: 1 | H34: =SUM(H35:H37) -> 89263.4 | I34: =SUM(I35:I37) -> 0.15000432
A35: 7.1 | B35: 070058 | C35: Cobertura - telha plan | D35: m² | E35: 333.41 | F35: 81.11 | G35: =ROUND((1+$I$5)*F35,2) -> 99.34 | H35: =ROUND(E35*G35,2) -> 33120.95 | I35: =H35/$H$89 -> 0.055658709
A36: 7.2 | B36: 070052 | C36: Estrutura em mad. lei p/ telha de barro - pç. serrada | D36: m² | E36: 333.41 | F36: 133.39 | G36: =ROUND((1+$I$5)*F36,2) -> 163.36 | H36: =ROUND(E36*G36,2) -> 54465.86 | I36: =H36/$H$89 -> 0.091528156
A37: 7.3 | B37: 070287 | C37: Cumeeira de barro | D37: m | E37: 57.28 | F37: 23.9 | G37: =ROUND((1+$I$5)*F37,2) -> 29.27 | H37: =ROUND(E37*G37,2) -> 1676.59 | I37: =H37/$H$89 -> 0.0028174565
A38: 8 | C38: FORRO | E38: 1 | H38: =SUM(H39:H40) -> 39722.82 | I38: =SUM(I39:I40) -> 0.066752943
A39: 8.1 | B39: 141336 | C39: Forro em lambri de PVC | D39: m² | E39: 242.76 | F39: 46.5 | G39: =ROUND((1+$I$5)*F39,2) -> 56.95 | H39: =ROUND(E39*G39,2) -> 13825.18 | I39: =H39/$H$89 -> 0.023232778
A40: 8.2 | B40: 140348 | C40: Barroteamento em madeira de lei p/ forro PVC | D40: m² | E40: 242.76 | F40: 87.11 | G40: =ROUND((1+$I$5)*F40,2) -> 106.68 | H40: =ROUND(E40*G40,2) -> 25897.64 | I40: =H40/$H$89 -> 0.043520165
A41: 9 | C41: REVESTIMENTO | E41: 1 | H41: =SUM(H42:H45) -> 59164.52 | I41: =SUM(I42:I45) -> 0.099424105
A42: 9.1 | B42: 110143 | C42: Chapisco de cimento e areia no traço 1:3 | D42: m² | E42: 543.74 | F42: 17.32 | G42: =ROUND((1+$I$5)*F42,2) -> 21.21 | H42: =ROUND(E42*G42,2) -> 11532.73 | I42: =H42/$H$89 -> 0.019380388
A43: 9.2 | B43: 110763 | C43: Reboco com argamassa 1:6:Adit. Plast. | D43: m² | E43: 464.64 | F43: 51.8 | G43: =ROUND((1+$I$5)*F43,2) -> 63.44 | H43: =ROUND(E43*G43,2) -> 29476.76 | I43: =H43/$H$89 -> 0.049534763
A44: 9.3 | B44: 110581 | C44: Cerâmica 10x10cm (padrao medio) | D44: m² | E44: 79.1 | F44: 143.71 | G44: =ROUND((1+$I$5)*F44,2) -> 176 | H44: =ROUND(E44*G44,2) -> 13921.6 | I44: =H44/$H$89 -> 0.023394809
A45: 9.4 | B45: 110762 | C45: Emboço com argamassa 1:6:Adit. Plast. | D45: m² | E45: 79.1 | F45: 43.7 | G45: =ROUND((1+$I$5)*F45,2) -> 53.52 | H45: =ROUND(E45*G45,2) -> 4233.43 | I45: =H45/$H$89 -> 0.0071141453
A46: 10 | C46: PAVIMENTAÇÃO | E46: 1 | H46: =SUM(H47:H50) -> 76273.87 | I46: =SUM(I47:I50) -> 0.12817583
A47: 10.1 | B47: 030011 | C47: Aterro incluindo carga, descarga, transporte e apiloamento | D47: m³ | E47: 153.32 | F47: 167.34 | G47: =ROUND((1+$I$5)*F47,2) -> 204.94 | H47: =ROUND(E47*G47,2) -> 31421.4 | I47: =H47/$H$89 -> 0.052802669
A48: 10.2 | B48: 130110 | C48: Camada regularizadora no traço 1:4 | D48: m² | E48: 262.51 | F48: 43.6 | G48: =ROUND((1+$I$5)*F48,2) -> 53.4 | H48: =ROUND(E48*G48,2) -> 14018.03 | I48: =H48/$H$89 -> 0.023556856
A49: 10.3 | B49: 130119 | C49: Lajota ceramica - incluindo rejuntamento (Padrão Médio) | D49: m² | E49: 262.51 | F49: 79.16 | G49: =ROUND((1+$I$5)*F49,2) -> 96.95 | H49: =ROUND(E49*G49,2) -> 25450.34 | I49: =H49/$H$89 -> 0.042768492
A50: 10.4 | B50: 130492 | C50: Calçada (incl.alicerce, baldrame e concreto c/ junta seca) | D50: m² | E50: 30.51 | F50: 144.09 | G50: =ROUND((1+$I$5)*F50,2) -> 176.47 | H50: =ROUND(E50*G50,2) -> 5384.1 | I50: =H50/$H$89 -> 0.0090478098
A51: 11 | C51: SOLEIRAS E RODAPÉS | E51: 1 | H51: =SUM(H52:H53) -> 4603.02 | I51: =SUM(I52:I53) -> 0.0077352296
A52: 11.1 | B52: 120164 | C52: Rodape ceramico h=8cm | D52: m | E52: 107.8 | F52: 29.33 | G52: =ROUND((1+$I$5)*F52,2) -> 35.92 | H52: =ROUND(E52*G52,2) -> 3872.18 | I52: =H52/$H$89 -> 0.0065070761
A53: 11.2 | B53: 120165 | C53: Soleira em marmore branco e=2cm | D53: m² | E53: 0.54 | F53: 1105.09 | G53: =ROUND((1+$I$5)*F53,2) -> 1353.4 | H53: =ROUND(E53*G53,2) -> 730.84 | I53: =H53/$H$89 -> 0.0012281535
A54: 12 | C54: PINTURAS | E54: 1 | H54: =SUM(H55:H57) -> 28489.28 | I54: =SUM(I55:I57) -> 0.047875334
A55: 12.1 | B55: 150253 | C55: Latex acrilica fosca int./ext. c/massa e selador - 3 demaos | D55: m² | E55: 271.27 | F55: 48.65 | G55: =ROUND((1+$I$5)*F55,2) -> 59.58 | H55: =ROUND(E55*G55,2) -> 16162.27 | I55: =H55/$H$89 -> 0.027160184
A56: 12.2 | B56: 150253 | C56: Latex acrilica fosca int./ext. c/massa e selador - 3 demaos | D56: m² | E56: 189.38 | F56: 48.65 | G56: =ROUND((1+$I$5)*F56,2) -> 59.58 | H56: =ROUND(E56*G56,2) -> 11283.26 | I56: =H56/$H$89 -> 0.018961162
A57: 12.3 | B57: 150207 | C57: Acrílica para piso | D57: m² | E57: 30.51 | F57: 27.93 | G57: =ROUND((1+$I$5)*F57,2) -> 34.21 | H57: =ROUND(E57*G57,2) -> 1043.75 | I57: =H57/$H$89 -> 0.0017539889
A58: 13 | C58: ELETRICA | E58: 1 | H58: =SUM(H59:H86) -> 14694.85 | I58: =SUM(I59:I86) -> 0.024694231
A59: 13.1 | B59: 103782 | C59: LUMINÁRIA TIPO PLAFON CIRCULAR, DE SOBREPOR, COM LED DE 12/13 W - FORNECIMENTO E INSTALAÇÃO. AF_09/2024 | D59: UN | E59: 24 | F59: 33.34 | G59: =ROUND((1+$I$5)*F59,2) -> 40.83 | H59: =ROUND(E59*G59,2) -> 979.92 | I59: =H59/$H$89 -> 0.0016467246
A60: 13.2 | B60: 91936 | C60: CAIXA OCTOGONAL 4" X 4", PVC, INSTALADA EM LAJE - FORNECIMENTO E INSTALAÇÃO. AF_03/2023 | D60: UN | E60: 24 | F60: 20.33 | G60: =ROUND((1+$I$5)*F60,2) -> 24.9 | H60: =ROUND(E60*G60,2) -> 597.6 | I60: =H60/$H$89 -> 0.0010042479
A61: 13.3 | B61: 91967 | C61: INTERRUPTOR SIMPLES (3 MÓDULOS), 10A/250V, INCLUINDO SUPORTE E PLACA - FORNECIMENTO E INSTALAÇÃO. AF_03/2023 | D61: UN | E61: 4 | F61: 65.9 | G61: =ROUND((1+$I$5)*F61,2) -> 80.71 | H61: =ROUND(E61*G61,2) -> 322.84 | I61: =H61/$H$89 -> 0.00054252241
A62: 13.4 | B62: 92016 | C62: TOMADA BAIXA DE EMBUTIR (3 MÓDULOS), 2P+T 10 A, INCLUINDO SUPORTE E PLACA - FORNECIMENTO E INSTALAÇÃO. AF_03/2023 | D62: UN | E62: 4 | F62: 70.25 | G62: =ROUND((1+$I$5)*F62,2) -> 86.04 | H62: =ROUND(E62*G62,2) -> 344.16 | I62: =H62/$H$89 -> 0.00057835
A63: 13.5 | B63: 101879 | C63: QUADRO DE DISTRIBUIÇÃO DE ENERGIA EM CHAPA DE AÇO GALVANIZADO, DE EMBUTIR, COM BARRAMENTO TRIFÁSICO, PARA 24 DISJUNTORES DIN 100A - FORNECIMENTO E INSTALAÇÃO. AF_07/2025 | D63: UN | E63: 1 | F63: 546.75 | G63: =ROUND((1+$I$5)*F63,2) -> 669.6 | H63: =ROUND(E63*G63,2) -> 669.6 | I63: =H63/$H$89 -> 0.0011252416
A64: 13.6 | B64: 91857 | C64: ELETRODUTO FLEXÍVEL CORRUGADO REFORÇADO, PVC, DN 32 MM (1"), PARA CIRCUITOS TERMINAIS, INSTALADO EM PAREDE - FORNECIMENTO E INSTALAÇÃO. AF_03/2023 | D64: M | E64: 1.43 | F64: 18.88 | G64: =ROUND((1+$I$5)*F64,2) -> 23.12 | H64: =ROUND(E64*G64,2) -> 33.06 | I64: =H64/$H$89 -> 5.5556285e-05
A65: 13.7 | B65: 91857 | C65: ELETRODUTO FLEXÍVEL CORRUGADO REFORÇADO, PVC, DN 32 MM (1"), PARA CIRCUITOS TERMINAIS, INSTALADO EM PAREDE - FORNECIMENTO E INSTALAÇÃO. AF_03/2023 | D65: M | E65: 10.96 | F65: 18.88 | G65: =ROUND((1+$I$5)*F65,2) -> 23.12 | H65: =ROUND(E65*G65,2) -> 253.4 | I65: =H65/$H$89 -> 0.00042583069
A66: 13.8 | B66: 91924 | C66: CABO DE COBRE FLEXÍVEL ISOLADO, 1,5 MM², ANTI-CHAMA 450/750 V, PARA CIRCUITOS TERMINAIS - FORNECIMENTO E INSTALAÇÃO. AF_03/2023 | D66: M | E66: 29.32 | F66: 3.88 | G66: =ROUND((1+$I$5)*F66,2) -> 4.75 | H66: =ROUND(E66*G66,2) -> 139.27 | I66: =H66/$H$89 -> 0.00023403883
A67: 13.9 | B67: 91924 | C67: CABO DE COBRE FLEXÍVEL ISOLADO, 1,5 MM², ANTI-CHAMA 450/750 V, PARA CIRCUITOS TERMINAIS - FORNECIMENTO E INSTALAÇÃO. AF_03/2023 | D67: M | E67: 29.32 | F67: 3.88 | G67: =ROUND((1+$I$5)*F67,2) -> 4.75 | H67: =ROUND(E67*G67,2) -> 139.27 | I67: =H67/$H$89 -> 0.00023403883
A68: 13.10 | B68: 91924 | C68: CABO DE COBRE FLEXÍVEL ISOLADO, 1,5 MM², ANTI-CHAMA 450/750 V, PARA CIRCUITOS TERMINAIS - FORNECIMENTO E INSTALAÇÃO. AF_03/2023 | D68: M | E68: 96.33 | F68: 3.88 | G68: =ROUND((1+$I$5)*F68,2) -> 4.75 | H68: =ROUND(E68*G68,2) -> 457.57 | I68: =H68/$H$89 -> 0.00076893192
A69: 13.11 | B69: 91924 | C69: CABO DE COBRE FLEXÍVEL ISOLADO, 1,5 MM², ANTI-CHAMA 450/750 V, PARA CIRCUITOS TERMINAIS - FORNECIMENTO E INSTALAÇÃO. AF_03/2023 | D69: M | E69: 115.72 | F69: 3.88 | G69: =ROUND((1+$I$5)*F69,2) -> 4.75 | H69: =ROUND(E69*G69,2) -> 549.67 | I69: =H69/$H$89 -> 0.00092370306
A70: 13.12 | B70: 91924 | C70: CABO DE COBRE FLEXÍVEL ISOLADO, 1,5 MM², ANTI-CHAMA 450/750 V, PARA CIRCUITOS TERMINAIS - FORNECIMENTO E INSTALAÇÃO. AF_03/2023 | D70: M | E70: 96.33 | F70: 3.88 | G70: =ROUND((1+$I$5)*F70,2) -> 4.75 | H70: =ROUND(E70*G70,2) -> 457.57 | I70: =H70/$H$89 -> 0.00076893192
... A86: 13.28 | B86: 91933 | C86: CABO DE COBRE FLEXÍVEL ISOLADO, 10 MM², ANTI-CHAMA 0,6/1,0 KV, PARA CIRCUITOS TERMINAIS - FORNECIMENTO E INSTALAÇÃO. AF_03/2023 | D86: M | E86: 80 | F86: 21.37 | G86: =ROUND((1+$I$5)*F86,2) -> 26.17 | H86: =ROUND(E86*G86,2) -> 2093.6 | I86: =H86/$H$89 -> 0.0035182286
A87: 14 | C87: LIMPEZA E ENTREGA DA OBRA | E87: 1 | H87: =SUM(H88) -> 3778.21 | I87: =SUM(I88) -> 0.0063491624
A88: 14.1 | B88: 270220 | C88: Limpeza geral e entrega da obra | D88: m² | E88: 286.88 | F88: 10.75 | G88: =ROUND((1+$I$5)*F88,2) -> 13.17 | H88: =ROUND(E88*G88,2) -> 3778.21 | I88: =H88/$H$89 -> 0.0063491624
F89: VALOR TOTAL DA OBRA COM/BDI | H89: =SUM(H87,H58,H54,H51,H46,H41,H38,H34,H29,H26,H23,H18,H15,H11) -> 595072.19 | I89: =SUM(I87,I58,I54,I51,I46,I41,I38,I34,I29,I26,I23,I18,I15,I11) -> 1
A91: Total da planilha R$ 595.072,19(Quinhentos e noventa e cinco mil, setenta e dois reais e dezenove centavos)
A92: Valores unitários obtidos com base na PLANILHA PADRÃO - Março de 2026 da SECRETARIA DE ESTADO DE OBRAS PÚBLICAS - SEOP E SINAP- SEM DESONERAÇÃO

Sheet M.CÁLCULO
A3: PREFEITURA MUNICIPAL DE BREVES
A4: SECRETARIA MUNICIPAL DE EDUCAÇÃO - SEMED
A5: CONSTRUÇÃO DE PRÉDIO COM 4 SALAS DE AULA PARA A AMPLIAÇÃO DA ESCOLA LAWTON
A6: LOCAL: RIO JBURU - ZONA RURAL - MUNICIPIO DE BREVES- PA
A7: REF. DE PREÇOS:SINAP E SEOP - Março de 2026 - SEM DESONERAÇÃO
A9: BDI = 22,47%
A10: ABRIL/2026
A12: MEMORIAL DE CÁLCULO
A13: ITEM | B13: CÓDIGO | C13: DISCRIMINAÇÃO | D13: UNID. | E13: QUANT. | F13: MEMORIA
C15: AMPLIAÇÃO DA ESCOLA
A16: 1 | C16: SERVIÇOS PRELIMINARES
A17: 1.1 | B17: 011340 | C17: Placa de obra em lona com plotagem de gráfica | D17: m² | E17: 6,0 | F17: (3,00m x 2,00m)
A18: 1.2 | B18: 010005 | C18: Barracão de madeira/Almoxarifado | D18: m² | E18: 12,0 | F18: (3,00m x 4,00m)
A19: 1.3 | B19: 010009 | C19: Locação da obra a trena | D19: m² | E19: 286,88 | F19: (33,95m x 8,45m)
A20: 2 | C20: MOVIMENTO DE TERRAS
A21: 2.1 | B21: 030010 | C21: Escavação manual de ate 1.50m de profundidade | D21: m³ | E21: 74,64 | F21: (1,30m x 1,30m x 1,50m) x 23 + (1,10m x 1,10m x 1,50m) x 9
A22: 2.2 | B22: 030254 | C22: Reaterro compactado | D22: m³ | E22: 57,77 | F22: (1,30m x 1,30m x 1,15m) x 23 + (1,10m x 1,10m x 1,20m) x 9
A23: 3 | C23: INFRA-ESTRUTURA: FUNDAÇÕES
A24: 3.1 | B24: 040257 | C24: Lastro de concreto magro c/ seixo | D24: m³ | E24: 1,4 | F24: (1,10m x 1,10m) x 0,05 x 23) + (0,90m x 0,90m)x 0,05 x 9)
A25: 3.2 | B25: 050766 | C25: Concreto armado fck=25MPA c/ forma mad. branca (incl. lançamento eadensamento) | D25: m³ | E25: 8,52 | F25: (0,12m x 0,40m x 32,72m) x 3) + (0,12m x 0,40m x 7,77m) x 9) + (0,12m x 0,40m x 5m) x 5/vigas
A26: 3.3 | B26: 051172 | C26: Concreto armado FCK=25MPA com forma aparente - 1 reaproveitamento | D26: m³ | E26: 11,82 | F26: (1,10m x 1,10m x 0,35m) x 23) + (0,90m x 0,90m x 0,30m) x 9/ blocos
A27: 3.4 | B27: 080293 | C27: Impermeabilização para baldrame com manta de 3mm | D27: m² | E27: 87,59 | F27: (0,20m +0,20m) + 0,12m=0,52m x 168,45m
A28: 4 | C28: SUPERESTRUTURA
A29: 4.1 | B29: 050766 | C29: Concreto armado fck=25MPA c/ forma mad. branca (incl. lançamento eadensamento) | D29: m³ | E29: 5,45 | F29: (0,12m x 0,40m x 3,50m) x 23) + (0,20m x 0,20m x 3,50m) x 11/pilares
A30: 4.2 | B30: 050766 | C30: Concreto armado fck=25MPA c/ forma mad. branca (incl. lançamento eadensamento) | D30: m³ | E30: 4,94 | F30: (0,12m x 0,30m x 32,72m) x 3) + (0,12m x 0,30m x 7,77m) x 5 vigas cobertura
A31: 5 | C31: PAREDES E PAÍNES
A32: 5.1 | B32: 060046 | C32: Alvenaria tijolo de barro a cutelo | D32: m² | E32: 271,27 | F32: (8m + 6m + 8m +6m) x 2,80m x 4) - 42,33m
A33: 5.2 | B33: 050681 | C33: Concreto armado Fck=15 MPA c/forma mad. branca (incl. lançamento eadensamento) | D33: m³ | E33: 0,91 | F33: (0,12m x 0,10m) X 75,68
A34: 6 | C34: ESQUADRIAS
A35: 6.1 | B35: 090641 | C35: Porta em madeira lambrizada | D35: m² | E35: 6,72 | F35: (0,80m x 2,10m) x 4
A36: 6.2 | B36: 091512 | C36: Esquadria de correr em vidro temperado de 8mm | D36: m² | E36: 35,61 | F36: (1,04m x 2,14m) x 16
A37: 6.3 | B37: 1002260 | C37: Ferragens p/ porta externa 1 fl. | D37: cj | E37: 4,0 | F37: 4 conj
A38: 6.4 | B38: 120733 | C38: Soleira e Peitoril em granito (preto) c/ rebaixo e=3cm | D38: m² | E38: 5,06 | F38: (2,18m x 16) x 0,145
A39: 7 | C39: COBERTURA
A40: 7.1 | B40: 070058 | C40: Cobertura - telha plan | D40: m² | E40: 333,41 | F40: (9,65m x 34,55m)
A41: 7.2 | B41: 070052 | C41: Estrutura em mad. lei p/ telha de barro - pç. serrada | D41: m² | E41: 333,41 | F41: (9,65m x 34,55m)
A42: 7.3 | B42: 070287 | C42: Cumeeira de barro | D42: m | E42: 57,28 | F42: (6,84m+ 6,84m+6,84m+ 6,84m+24,92m+5m)
A43: 8 | C43: FORRO
A44: 8.1 | B44: 141336 | C44: Forro em lambri de PVC | D44: m² | E44: 242,76 | F44: 4 x (48m²)} + (32,75m x 1,55m)
A45: 8.2 | B45: 140348 | C45: Barroteamento em madeira de lei p/ forro PVC | D45: m² | E45: 242,76 | F45: 4 x (48m²)} + (32,75m x 1,55m)
A46: 9 | C46: REVESTIMENTO
A47: 9.1 | B47: 110143 | C47: Chapisco de cimento e areia no traço 1:3 | D47: m² | E47: 543,74 | F47: (2 x 271,27m²) + (0,80m x 1,50m)
A48: 9.2 | B48: 110763 | C48: Reboco com argamassa 1:6:Adit. Plast. | D48: m² | E48: 464,64 | F48: 543,74m² - 79,10m²
A49: 9.3 | B49: 110581 | C49: Cerâmica 10x10cm (padrao medio) | D49: m² | E49: 79,1 | F49: (7,09m+7,25m+7,25m+7,25m+0,31m+6m) x 2 paredes +( 0,20m x 4) x 11 pilares
A50: 9.4 | B50: 110762 | C50: Emboço com argamassa 1:6:Adit. Plast. | D50: m² | E50: 79,1 | F50: (7,09m+7,25m+7,25m+7,25m+0,31m+6m) x 2 paredes +( 0,20m x 4) x 11 pilares
A51: 10 | C51: PAVIMENTAÇÃO
A52: 10.1 | B52: 030011 | C52: Aterro incluindo carga, descarga, transporte e apiloamento | D52: m³ | E52: 153,32 | F52: (8,45m x 33,95m) + (5 x 3,95m)}x 0,50
A53: 10.2 | B53: 130110 | C53: Camada regularizadora no traço 1:4 | D53: m² | E53: 262,51 | F53: 4 x (48m²) + {(32,75m x 1,55m) + (5m x 3,95m)}
A54: 10.3 | B54: 130119 | C54: Lajota ceramica - incluindo rejuntamento (Padrão Médio) | D54: m² | E54: 262,51 | F54: 4 x (48m²) + {(32,75m x 1,55m) + (5m x 3,95m)}
A55: 10.4 | B55: 130492 | C55: Calçada (incl.alicerce, baldrame e concreto c/ junta seca) | D55: m² | E55: 30,51 | F55: (8,45m x 0,60m) x 2} + (33,95m x 0,60m)
A56: 11 | C56: SOLEIRAS E RODAPÉS
A57: 11.1 | B57: 120164 | C57: Rodape ceramico h=8cm | D57: m | E57: 107,8 | F57: (26,95m x 4)
A58: 11.2 | B58: 120165 | C58: Soleira em marmore branco e=2cm | D58: m² | E58: 0,54 | F58: (0,15m x 0,90m) x 4
A59: 12 | C59: PINTURAS
A60: 12.1 | B60: 150253 | C60: Latex acrilica fosca int./ext. c/massa e selador - 3 demaos(interna) | D60: m² | E60: 271,27 | F60: (8m + 6m + 8m +6m x 2,80m) x 4} - 42,33m
A61: 12.2 | B61: 150253 | C61: Latex acrilica fosca int./ext. c/massa e selador - 3 demaos(externa) | D61: m² | E61: 189,38 | F61: (32,72m + 6,30m x 2,80) x 2} +(0,80m x 1,50)x 11 - 42,33m
A62: 12.3 | B62: 150207 | C62: Acrílica para piso | D62: m² | E62: 30,51 | F62: (8,45m x0,60m x 2) + (33,95m x 0,60m)
A63: 13 | C63: ELETRICA
A64: 13.1 | B64: 103783 | C64: LUMINÁRIA TIPO PLAFON QUADRADA, DE SOBREPOR, COM LED DE 12 W - FORNECIMENTO E INSTALAÇÃO. AF_09/2024 | D64: UN | E64: 24,0 | F64: 24 un
A65: 13.2 | B65: 91936 | C65: CAIXA OCTOGONAL 4" X 4", PVC, INSTALADA EM LAJE - FORNECIMENTO E INSTALAÇÃO. AF_03/2023 | D65: UN | E65: 24,0 | F65: 24 un
A66: 13.3 | B66: 91967 | C66: INTERRUPTOR SIMPLES (3 MÓDULOS), 10A/250V, INCLUINDO SUPORTE E PLACA - FORNECIMENTO E INSTALAÇÃO. AF_03/2023 | D66: UN | E66: 4,0 | F66: 4 un
A67: 13.4 | B67: 92016 | C67: TOMADA BAIXA DE EMBUTIR (3 MÓDULOS), 2P+T 10 A, INCLUINDO SUPORTE E PLACA - FORNECIMENTO E INSTALAÇÃO. AF_03/2023 | D67: UN | E67: 4,0 | F67: 4 un
A68: 13.5 | B68: 101879 | C68: QUADRO DE DISTRIBUIÇÃO DE ENERGIA EM CHAPA DE AÇO GALVANIZADO, DE EMBUTIR, COM BARRAMENTO TRIFÁSICO, PARA 24 DISJUNTORES DIN 100A - FORNECIMENTO E INSTALAÇÃO. AF_07/2025 | D68: UN | E68: 1,0 | F68: 1 um
A69: 13.6 | B69: 91857 | C69: ELETRODUTO FLEXÍVEL CORRUGADO REFORÇADO, PVC, DN 32 MM (1"), PARA CIRCUITOS TERMINAIS, INSTALADO EM PAREDE - FORNECIMENTO E INSTALAÇÃO. AF_03/2023 | D69: M | E69: 1,43 | F69: 1,43 m
A70: 13.7 | B70: 91857 | C70: ELETRODUTO FLEXÍVEL CORRUGADO REFORÇADO, PVC, DN 32 MM (1"), PARA CIRCUITOS TERMINAIS, INSTALADO EM PAREDE - FORNECIMENTO E INSTALAÇÃO. AF_03/2023 | D70: M | E70: 10,96 | F70: 10,96 m
A71: 13.8 | B71: 91924 | C71: CABO DE COBRE FLEXÍVEL ISOLADO, 1,5 MM², ANTI-CHAMA 450/750 V, PARA CIRCUITOS TERMINAIS - FORNECIMENTO E INSTALAÇÃO. AF_03/2023 | D71: M | E71: 29,32 | F71: 29,32 m
A72: 13.9 | B72: 91924 | C72: CABO DE COBRE FLEXÍVEL ISOLADO, 1,5 MM², ANTI-CHAMA 450/750 V, PARA CIRCUITOS TERMINAIS - FORNECIMENTO E INSTALAÇÃO. AF_03/2023 | D72: M | E72: 29,32 | F72: 29,32 m
A73: 13.10 | B73: 91924 | C73: CABO DE COBRE FLEXÍVEL ISOLADO, 1,5 MM², ANTI-CHAMA 450/750 V, PARA CIRCUITOS TERMINAIS - FORNECIMENTO E INSTALAÇÃO. AF_03/2023 | D73: M | E73: 96,33 | F73: 96,33 m
A74: 13.11 | B74: 91924 | C74: CABO DE COBRE FLEXÍVEL ISOLADO, 1,5 MM², ANTI-CHAMA 450/750 V, PARA CIRCUITOS TERMINAIS - FORNECIMENTO E INSTALAÇÃO. AF_03/2023 | D74: M | E74: 115,72 | F74: 115,72 m
A75: 13.12 | B75: 91924 | C75: CABO DE COBRE FLEXÍVEL ISOLADO, 1,5 MM², ANTI-CHAMA 450/750 V, PARA CIRCUITOS TERMINAIS - FORNECIMENTO E INSTALAÇÃO. AF_03/2023 | D75: M | E75: 96,33 | F75: 96,33 m
... A91: 13.28 | B91: 91933 | C91: CABO DE COBRE FLEXÍVEL ISOLADO, 10 MM², ANTI-CHAMA 0,6/1,0 KV, PARA CIRCUITOS TERMINAIS - FORNECIMENTO E INSTALAÇÃO. AF_03/2023 | D91: M | E91: 80,0 | F91: 80,0 m
A92: 14 | C92: LIMPEZA E ENTREGA DA OBRA
A93: 14.1 | B93: 270220 | C93: Limpeza geral e entrega da obra | D93: m² | E93: 286,88 | F93: (33,95m x 8,45m)

Sheet CRON
A2: PREFEITURA MUNICIPAL DE BREVES
A4: OBJETO: CONSTRUÇÃO DE PRÉDIO COM 4 SALAS DE AULA PARA A AMPLIAÇÃO DA ESCOLA LAWTON | L4: BDI = 22,47%
A5: LOCAL: RIO JABURU - ZONA RURAL - MUNICÍPIO DE BREVES - PA | L5: ABRIL/2026
A6: REF. DE PREÇOS: SEOP - Março de 2026 - SEM DESONERAÇÃO
A7: CRONOGRAMA FÍSICO - FINANCEIRO
A8: ITEM | B8: DESCRIÇÃO DOS SERVIÇOS | C8: PESO % | D8: VALOR DO SERVIÇO | E8: 1º MÊS | G8: 2º MÊS | I8: 3º MÊS | K8: 4º MÊS
E9: % MÊS | F9: R$ | G9: % MÊS | H9: R$ | I9: % MÊS | J9: R$ | K9: % MÊS | L9: R$
B10: AMPLIAÇÃO DA ESCOLA
A11: 1 | B11: =PLAN!C11 -> SERVIÇOS PRELIMINARES | C11: =D11/D39 -> 0.021883715 | D11: =PLAN!H11 -> 13022.39 | E11: 1 | F11: =E11*$D11 -> 13022.39
A13: 2 | B13: MOVIMENTO DE TERRAS | C13: =D13/D39 -> 0.019107732 | D13: =PLAN!H15 -> 11370.48 | E13: 1 | F13: =E13*$D13 -> 11370.48
A15: 3 | B15: INFRA-ESTRUTURA: FUNDAÇÕES | C15: =D15/D39 -> 0.1836866 | D15: =PLAN!H18 -> 109306.79 | E15: 1 | F15: =E15*$D15 -> 109306.79
A17: 4 | B17: SUPERESTRUTURA | C17: =D17/D39 -> 0.082001026 | D17: =PLAN!H23 -> 48796.53 | E17: 0.8 | F17: =E17*$D17 -> 39037.224 | G17: 0.2 | H17: =G17*$D17 -> 9759.306
A19: 5 | B19: PAREDES E PAÍNES | C19: =D19/D39 -> 0.083175858 | D19: =PLAN!H26 -> 49495.64 | G19: 0.8 | H19: =G19*$D19 -> 39596.512 | I19: 0.2 | J19: =I19*$D19 -> 9899.128
A21: 6 | B21: ESQUADRIAS | C21: =D21/D39 -> 0.079133911 | D21: =PLAN!H29 -> 47090.39 | K21: 1 | L21: =K21*$D21 -> 47090.39
A23: 7 | B23: COBERTURA | C23: =D23/D39 -> 0.15000432 | D23: =PLAN!H34 -> 89263.4 | G23: 0.8 | H23: =G23*$D23 -> 71410.72 | I23: 0.2 | J23: =I23*$D23 -> 17852.68
A25: 8 | B25: FORRO | C25: =D25/D39 -> 0.066752943 | D25: =PLAN!H38 -> 39722.82 | K25: 1 | L25: =K25*$D25 -> 39722.82
A27: 9 | B27: REVESTIMENTO | C27: =D27/D39 -> 0.099424105 | D27: =PLAN!H41 -> 59164.52 | I27: 0.5 | J27: =I27*$D27 -> 29582.26 | K27: 0.5 | L27: =K27*$D27 -> 29582.26
A29: 10 | B29: PAVIMENTAÇÃO | C29: =D29/D39 -> 0.12817583 | D29: =PLAN!H46 -> 76273.87 | E29: 0.7 | F29: =E29*$D29 -> 53391.709 | G29: 0.3 | H29: =G29*$D29 -> 22882.161
A31: 11 | B31: SOLEIRAS E RODAPÉS | C31: =D31/D39 -> 0.0077352296 | D31: =PLAN!H51 -> 4603.02 | G31: 0.3 | H31: =G31*$D31 -> 1380.906 | I31: 0.7 | J31: =I31*$D31 -> 3222.114
A33: 12 | B33: PINTURAS | C33: =D33/D39 -> 0.047875334 | D33: =PLAN!H54 -> 28489.28 | K33: 1 | L33: =K33*$D33 -> 28489.28
A35: 13 | B35: ELÉTRICA | C35: =D35/D39 -> 0.024694231 | D35: =PLAN!H58 -> 14694.85 | G35: 0.5 | H35: =G35*$D35 -> 7347.425 | I35: 0.5 | J35: =I35*$D35 -> 7347.425
A37: 14 | B37: LIMPEZA E ENTREGA DA OBRA | C37: =D37/D39 -> 0.0063491624 | D37: =PLAN!H87 -> 3778.21 | K37: 1 | L37: =K37*$D37 -> 3778.21
A39: SOMA | C39: =SUM(C11:C37) -> 1 | D39: =SUM(D11:D37) -> 595072.19
B41: VALOR ACUMULADO | F41: =0.3*#REF! -> #REF! | H41: =0.3*#REF! -> #REF! | J41: =0.3*#REF! -> #REF! | L41: =0.3*#REF! -> #REF!
A42: TOTAL GERAL SIMPLES | E42: =F42/D39 -> 0.38000195 | F42: =SUM(F11,F13,F15,F17,F29) -> 226128.59 | G42: =H42/D39 -> 0.25606478 | H42: =SUM(H17,H19,H23,H29,H31,H35) -> 152377.03 | I42: =J42/D39 -> 0.11410986 | J42: =SUM(J19,J23,J27,J31,J35) -> 67903.607 | K42: =L42/D39 -> 0.2498234 | L42: =SUM(L21,L25,L27,L33,L37) -> 148662.96
A43: TOTAL GERAL ACUMULADO | E43: =E42 -> 0.38000195 | F43: =F42 -> 226128.59 | G43: =G42+E43 -> 0.63606673 | H43: =F42+H42 -> 378505.62 | I43: =I42+G43 -> 0.7501766 | J43: =H43+J42 -> 446409.23 | K43: =K42+I43 -> 1 | L43: =J43+L42 -> 595072.19

Sheet BDI
B1: PREFEITURA MUNICIPAL DE BREVES
B2: SECRETARIA MUNICIPAL DE EDUCAÇÃO - SEMED
B4: OBJETO: CONSTRUÇÃO DE PRÉDIO COM 4 SALAS DE AULA PARA A AMPLIAÇÃO DA ESCOLA LAWTON
B6: REF. DE PREÇOS: SINAP E SEOP - Março de 2026 - SEM DESONERAÇÃO
B7: BDI = 22,47%
B8: ABRIL/2026
B10: COMPOSIÇÃO ANALÍTICA DA TAXA DE B.D.I.
B11: 1 - ADMINISTRAÇÃO CENTRAL
B12: ITEM | C12: DESCRIÇÃO | E12: TAXA (%)
B13: 1.1 | C13: MÃO DE OBRA | E13: 2
B14: 1.2 | C14: TRANSPORTES | E14: 0.6
B15: 1.3 | C15: MANUTENÇÃO E OPERAÇÃO DO ESCRITÓRIO CENTRAL | E15: 0.2
B16: 1.4 | C16: DESPESAS DIVERSAS | E16: 0.2
D17: TOTAL DA ADMINISTRAÇÃO CENTRAL | E17: =SUM(E13:E16) -> 3
B18: 2 - DESPESAS FISCAIS
B19: ITEM | C19: DESCRIÇÃO | E19: TAXA (%)
B20: 2.1 | C20: ISS | E20: 5
B21: 2.2 | C21: CPRB | E21: 0
B22: 2.3 | C22: COFINS | E22: 3
B23: 2.4 | C23: PIS | E23: 0.65
D24: TOTAL DAS DESPESAS FISCAIS | E24: =SUM(E20:E23) -> 8.65
B25: 3 - DIVERSOS
B26: ITEM | C26: DESCRIÇÃO | E26: TAXA (%)
B27: 3.1 | C27: BONIFICAÇÃO DA EMPRESA (LUCRO) | E27: 6.16
B28: 3.2 | C28: DESPESAS FINANCEIRAS | E28: 0.59
B29: 3.3 | C29: SEGURO OBRIGATÓRIO | E29: 0.8
B30: 3.4 | C30: RISCOS E EVENTUAIS | E30: 0.97
D31: TOTAL DIVERSOS | E31: =SUM(E27:E30) -> 8.52
D32: BONIFICAÇÃO E DESPESAS INDIRETAS (B.D.I.) | E32: =ROUND(((1+E17/100+E29/100+E30/100)*(1+E28/100)*(1+(E27/100)))/(1-E24/100)-1,4) -> 0.2247
B34: FÓRMULA DO BDI (APROVADA PELO TCU)
B35: A fórmula para cálculo da taxa a ser acrescida aos custos diretos de um empreendimento, a título de Benefícios e Despesas Indiretas é:
B36: BDI = | C36: ( 1 + X ) x ( 1 + Y ) x ( 1 + Z ) | D36: - 1
C37: ( 1 - I )
B38: onde:
B39: X = Taxa da somatória das despesas indiretas, exceto tributos e despesas financeiras
B40: Y = Taxa representativa das despesas financeiras
B41: Z = Taxa representativa do lucro
B42: I = Taxa representativa da incidência de impostos

Sheet CPU
A5: PREFEITURA MUNICIPAL DE BREVES
A6: SECRETARIA MUNICIPAL DE EDUCAÇÃO - SEMED
A7: OBJETO: CONSTRUÇÃO DE PRÉDIO COM 4 SALAS DE AULA PARA A AMPLIAÇÃO DA ESCOLA LAWTON
A8: LOCAL: RIO JABURU- ZONA RURAL - MUNICIPIO DE BREVES-PA | I8: BDI: | J8: 0.2247
A9: REF. DE PREÇOS: SINAP E SEOP - Março de 2026 - SEM DESONERAÇÃO | J9: Prazo de Execução: 120 dias
A11: Valores obtidos com base na PLANILHA PADRÃO - Março 2026 da SECRETARIA DE ESTADO DE OBRAS PÚBLICAS - SEDOP - SEM DESONERAÇÃO e Cotação local.
A12: COMPOSIÇÃO DE PREÇO UNITÁRIO
B13: Código | C13: Descrição dos Serviços | G13: Und | H13: Coeficiente | I13: Valor Unitário | J13: Valor Parcial
D14: SERVIÇOS PRELIMINARES
A15: Composição | B15: 11340 | C15: SEDOP | D15: Placa de obra em lona com plotagem de gráfica | E15: 0 | G15: m² | H15: 1 | I15: 207.93 | J15: 207.93
A16: Composição Auxiliar | B16: 280013 | C16: SEDOP | D16: CARPINTEIRO COM ENCARGOS COMPLEMENTARES | E16: 0 | G16: h | H16: 0.4 | I16: 32.21 | J16: 12.88
A17: Composição Auxiliar | B17: 280026 | C17: SEDOP | D17: SERVENTE COM ENCARGOS COMPLEMENTARES | E17: 0 | G17: h | H17: 0.4 | I17: 26.88 | J17: 10.75
A18: Insumo | B18: D00475 | C18: SEDOP | D18: Lona com plotagem de gráfica | E18: Material | G18: m² | H18: 1 | I18: 90 | J18: 90
A19: Insumo | B19: D00281 | C19: SEDOP | D19: Pernamanca 3" x 2" 4 m - madeira branca | E19: Material | G19: Dz | H19: 0.41 | I19: 225.02 | J19: 92.25
A20: Insumo | B20: D00084 | C20: SEDOP | D20: Prego 1 1/2"x13 | E20: Material | G20: kg | H20: 0.1 | I20: 20.5314 | J20: 2.05314
A21: Total Parcial (com lei sem BDI) | J21: 207.93
A22: B.D.I. 22,47% | J22: =J21*J8 -> 46.721871
A23: Total Geral | J23: =SUM(J21:J22) -> 254.65187
A25: 1.2 | B25: Código | C25: Banco | D25: Descrição | E25: Tipo | G25: Und | H25: Quant. | I25: Valor Unit | J25: Total
A26: Composição | B26: 10005 | C26: SEDOP | D26: Barracão de madeira/Almoxarifado | E26: 0 | G26: m² | H26: 1 | I26: 600.98 | J26: 600.98
A27: Composição Auxiliar | B27: 280013 | C27: SEDOP | D27: CARPINTEIRO COM ENCARGOS COMPLEMENTARES | E27: 0 | G27: h | H27: 6.7 | I27: 32.21 | J27: 215.8
A28: Composição Auxiliar | B28: 280026 | C28: SEDOP | D28: SERVENTE COM ENCARGOS COMPLEMENTARES | E28: 0 | G28: h | H28: 7.5 | I28: 26.88 | J28: 201.6
A29: Insumo | B29: D00060 | C29: SEDOP | D29: Aldrava p/ cadeado (4x1/2") | E29: Material | G29: un | H29: 0.02 | I29: 7.4461 | J29: 0.14
A30: Insumo | B30: D00344 | C30: SEDOP | D30: Arruela concava em PVC d=5/16" | E30: Material | G30: un | H30: 0.5 | I30: 0.8051 | J30: 0.4
A31: Insumo | B31: D00019 | C31: SEDOP | D31: Régua 3"x1" 4 m apar. | E31: Material | G31: Dz | H31: 0.05 | I31: 378.028 | J31: 18.9
A32: Insumo | B32: D00001 | C32: SEDOP | D32: Parafuso fo go 5/16" c= 110mm | E32: Material | G32: un | H32: 0.04 | I32: 1.02 | J32: 0.04
A33: Insumo | B33: D00016 | C33: SEDOP | D33: Tábua de madeira branca 4m | E33: Material | G33: Dz | H33: 0.38 | I33: 150 | J33: 57
A34: Insumo | B34: D00281 | C34: SEDOP | D34: Pernamanca 3" x 2" 4 m - madeira branca | E34: Material | G34: Dz | H34: 0.17 | I34: 225.02 | J34: 38.25
A35: Insumo | B35: D00062 | C35: SEDOP | D35: Dobradiça 3"x3" com parafuso | E35: Material | G35: un | H35: 0.19 | I35: 17.9068 | J35: 3.4
A36: Insumo | B36: D00015 | C36: SEDOP | D36: Tábua de madeira forte 4m | E36: Material | G36: Dz | H36: 0.14 | I36: 270.02 | J36: 37.8
A37: Insumo | B37: D00061 | C37: SEDOP | D37: Fechadura de sobrepor comum | E37: Material | G37: un | H37: 0.02 | I37: 79.1427 | J37: 1.58
A38: Insumo | B38: D00081 | C38: SEDOP | D38: Prego 2 1/2"x10 | E38: Material | G38: kg | H38: 0.5 | I38: 20.5975 | J38: 10.29
A39: Insumo | B39: D00049 | C39: SEDOP | D39: Telha fibrotex (1.22x0.55m) e=4mm | E39: Material | G39: un | H39: 0.82 | I39: 17.8273 | J39: 14.61
A40: Insumo | B40: D00059 | C40: SEDOP | D40: Cadeado No. 30 | E40: Material | G40: un | H40: 0.02 | I40: 24.45 | J40: 0.48
A41: Insumo | B41: D00002 | C41: SEDOP | D41: Massa de vedação | E41: Material | G41: kg | H41: 0.042 | I41: 16.6596 | J41: 0.69
A42: Total Parcial (com lei sem BDI) | J42: 600.98
A43: B.D.I. 22,47% | J43: =J42*J8 -> 135.04021
A44: Total Geral | J44: =SUM(J42:J43) -> 736.02021
A46: 1.3 | B46: Código | C46: Banco | D46: Descrição | E46: Tipo | G46: Und | H46: Quant. | I46: Valor Unit | J46: Total
A47: Composição | B47: 10009 | C47: SEDOP | D47: Locação da obra a trena | E47: 0 | G47: m² | H47: 1 | I47: 7.58 | J47: 7.58
A48: Composição Auxiliar | B48: 280013 | C48: SEDOP | D48: CARPINTEIRO COM ENCARGOS COMPLEMENTARES | E48: 0 | G48: h | H48: 0.07 | I48: 32.21 | J48: 2.25
A49: Composição Auxiliar | B49: 280026 | C49: SEDOP | D49: SERVENTE COM ENCARGOS COMPLEMENTARES | E49: 0 | G49: h | H49: 0.05 | I49: 26.88 | J49: 1.34
A50: Insumo | B50: D00043 | C50: SEDOP | D50: Arame recozido No. 18 | E50: Material | G50: kg | H50: 0.002 | I50: 12.25 | J50: 0.0245
A51: Insumo | B51: D00016 | C51: SEDOP | D51: Tábua de madeira branca 4m | E51: Material | G51: Dz | H51: 0.01 | I51: 150 | J51: 1.5
A52: Insumo | B52: D00281 | C52: SEDOP | D52: Pernamanca 3" x 2" 4 m - madeira branca | E52: Material | G52: Dz | H52: 0.01 | I52: 225.02 | J52: 2.2502
A53: Insumo | B53: D00238 | C53: SEDOP | D53: Linha de nylon no. 80 | E53: Material | G53: Rl | H53: 0.01 | I53: 16.95 | J53: 0.16
A54: Insumo | B54: D00081 | C54: SEDOP | D54: Prego 2 1/2"x10 | E54: Material | G54: kg | H54: 0.003 | I54: 20.5975 | J54: 0.0617925
A55: Total Parcial (com lei sem BDI) | J55: 7.58
A56: B.D.I. 22,47% | J56: =J55*J8 -> 1.703226
A57: Total Geral | J57: =SUM(J55:J56) -> 9.283226
A58: 2 | D58: MOVIMENTO DE TERRAS
A59: 2.1 | B59: Código | C59: Banco | D59: Descrição | E59: Tipo | G59: Und | H59: Quant. | I59: Valor Unit | J59: Total
A60: Composição | B60: 030010 | C60: SEDOP | D60: Escavação manual de ate 1.50m de profundidade | E60: 0 | G60: m³ | H60: 1 | I60: 107.52 | J60: 107.52
A61: Composição Auxiliar | B61: 280026 | C61: SEDOP | D61: SERVENTE COM ENCARGOS COMPLEMENTARES | E61: 0 | G61: h | H61: 4 | I61: 26.88 | J61: 107.52
A62: Total Parcial (com lei sem BDI) | J62: 107.52
A63: B.D.I. 22,47% | J63: =J62*J8 -> 24.159744
A64: Total Geral | J64: =SUM(J62:J63) -> 131.67974
A65: 2.2 | B65: Código | C65: Banco | D65: Descrição | E65: Tipo | G65: Und | H65: Quant. | I65: Valor Unit | J65: Total
A66: Composição | B66: 030254 | C66: SEDOP | D66: Reaterro compactado | E66: 0 | G66: m³ | H66: 1 | I66: 21.79 | J66: 21.79
A67: Composição Auxiliar | B67: 280026 | C67: SEDOP | D67: SERVENTE COM ENCARGOS COMPLEMENTARES | E67: 0 | G67: h | H67: 0.75 | I67: 26.88 | J67: 20.16
A68: Insumo | B68: M00006 | C68: SEDOP | D68: Compactador de solo CM-13 | E68: Equipamento | G68: h | H68: 0.3 | I68: 5.45 | J68: 1.63
A69: Total Parcial (com lei sem BDI) | J69: 21.79
A70: B.D.I. 22,47% | J70: =J69*J8 -> 4.896213
A71: Total Geral | J71: =SUM(J69:J70) -> 26.686213
A72: 3 | D72: INFRA-ESTRUTURA: FUNDAÇÕES
A73: 3.1 | B73: Código | C73: Banco | D73: Descrição | E73: Tipo | G73: Und | H73: Quant. | I73: Valor Unit | J73: Total
A74: Composição | B74: 40257 | C74: SEDOP | D74: Lastro de concreto magro c/ seixo | E74: 0 | G74: m³ | H74: 1 | I74: 975.51 | J74: 975.51
A75: Composição Auxiliar | B75: 280023 | C75: SEDOP | D75: PEDREIRO COM ENCARGOS COMPLEMENTARES | E75: 0 | G75: h | H75: 2 | I75: 32.75 | J75: 65.5
A76: Composição Auxiliar | B76: 280026 | C76: SEDOP | D76: SERVENTE COM ENCARGOS COMPLEMENTARES | E76: 0 | G76: h | H76: 16 | I76: 26.88 | J76: 430.08
A77: Insumo | B77: J00003 | C77: SEDOP | D77: Cimento | E77: Material | G77: SC | H77: 4.4 | I77: 52.25 | J77: 229.9
A78: Insumo | B78: J00007 | C78: SEDOP | D78: Seixo lavado | E78: Material | G78: m³ | H78: 0.88 | I78: 218.45 | J78: 192.23
A79: Insumo | B79: J00005 | C79: SEDOP | D79: Areia | E79: Material | G79: m³ | H79: 0.68 | I79: 85 | J79: 57.8
A80: Total Parcial (com lei sem BDI) | J80: 975.51
A81: B.D.I. 22,47% | J81: =J80*J8 -> 219.1971
A82: Total Geral | J82: =SUM(J80:J81) -> 1194.7071
A83: 3.2 | B83: Código | C83: Banco | D83: Descrição | E83: Tipo | G83: Und | H83: Quant. | I83: Valor Unit | J83: Total
A84: Composição | B84: 50766 | C84: SEDOP | D84: Concreto armado fck=25MPA c/ forma mad. branca (incl. lançamento eadensamento) | E84: 0 | G84: m³ | H84: 1 | I84: 3834.81 | J84: 3834.81
A85: Composição Auxiliar | B85: 050038 | C85: SEDOP | D85: Armação p/ concreto | E85: 0 | G85: kg | H85: 80 | I85: 14.12 | J85: 1128.8
A86: Composição Auxiliar | B86: 050740 | C86: SEDOP | D86: Concreto c/ seixo Fck= 25MPA (incl. lançamento e adensamento) | E86: 0 | G86: m³ | H86: 1 | I86: 988.5 | J86: 988.45
A87: Composição Auxiliar | B87: 050036 | C87: SEDOP | D87: Forma c/ madeira branca (incl. desforma) | E87: 0 | G87: m² | H87: 9 | I87: 190.87 | J87: 1717.56
A88: Total Parcial (com lei sem BDI) | J88: 3834.81
A89: B.D.I. 22,47% | J89: =J88*J8 -> 861.68181
A90: Total Geral | J90: =SUM(J88:J89) -> 4696.4918
A91: 3.3 | B91: Código | C91: Banco | D91: Descrição | E91: Tipo | G91: Und | H91: Quant. | I91: Valor Unit | J91: Total
A92: Composição | B92: 51172 | C92: SEDOP | D92: Concreto armado FCK=25MPA com forma aparente - 1 reaproveitamento | E92: 0 | G92: m³ | H92: 1 | I92: 3411.99 | J92: 3411.99
A93: Composição Auxiliar | B93: 050041 | C93: SEDOP | D93: Formas para concreto em chapa de madeira compensada resinada e=15mm(REAP 1x) - incl. desforma | E93: 0 | G93: m² | H93: 9 | I93: 143.9 | J93: 1294.74
A94: Composição Auxiliar | B94: 050038 | C94: SEDOP | D94: Armação p/ concreto | E94: 0 | G94: kg | H94: 80 | I94: 14.12 | J94: 1128.8
A95: Composição Auxiliar | B95: 050740 | C95: SEDOP | D95: Concreto c/ seixo Fck= 25MPA (incl. lançamento e adensamento) | E95: 0 | G95: m³ | H95: 1 | I95: 988.5 | J95: 988.45
A96: Total Parcial (com lei sem BDI) | J96: 3411.99
A97: B.D.I. 22,47% | J97: =J96*J8 -> 766.67415
A98: Total Geral | J98: =SUM(J96:J97) -> 4178.6642
A99: 3.4 | B99: Código | C99: Banco | D99: Descrição | E99: Tipo | G99: Und | H99: Quant. | I99: Valor Unit | J99: Total
A100: Composição | B100: 80293 | C100: SEDOP | D100: Impermeabilização para baldrame com manta de 3mm | E100: 0 | G100: m² | H100: 1 | I100: 169.93 | J100: 169.93
A101: Composição Auxiliar | B101: 080273 | C101: SEDOP | D101: Reboco impermeabilizante | E101: 0 | G101: m² | H101: 1.05 | I101: 55.86 | J101: 58.64
A102: Composição Auxiliar | B102: 080704 | C102: SEDOP | D102: Manta asfáltica SBS-3mm c/ filme de polietileno | E102: 0 | G102: m² | H102: 1 | I102: 100.94 | J102: 100.91
A103: Insumo | B103: I00004 | C103: SEDOP | D103: Impermeabilizante asfáltico disperso em água | E103: Material | G103: L | H103: 0.4 | I103: 25.96 | J103: 10.384
A104: Total Parcial (com lei sem BDI) | J104: 169.93
A105: B.D.I. 22,47% | J105: =J104*J8 -> 38.183271
A106: Total Geral | J106: =SUM(J104:J105) -> 208.11327
A107: 4 | D107: SUPERESTRUTURA
...
